 Dungeon Crawl Stone Soup version 0.28-b1-25-g9875b3fc8c (webtiles) character file.

Game seed: 9959147577241690755

100 raph the Stinger (level 4, -7/24 HPs)
             Began as a Deep Elf Venom Mage on Feb 6, 2022.
             Was an Initiate of Hepliaklqana.
             Mangled by a wyvern zombie (9 damage)
             ... on level 4 of the Dungeon.
             The game lasted 00:07:59 (4843 turns).

raph the Stinger (Deep Elf Venom Mage)              Turns: 4843, Time: 00:08:00

Health: -7/24      AC:  5    Str:  5    XL:     4   Next: 46%
Magic:  10/10      EV: 12    Int: 22    God:    Hepliaklqana [......]
Gold:   120        SH:  0    Dex: 15    Spells: 3/9 levels left

rFire   . . .      SeeInvis +   e - +0 long sword
rCold   . . .      Faith    .   (no shield)
rNeg    . . .      Spirit   .   a - +0 robe
rPois   .          Reflect  .   g - +2 helmet {SInv}
rElec   .          Harm     .   (no cloak)
rCorr   .          Rampage  .   (no gloves)
Will    .....                   (no boots)
Stlth   ++........              (no amulet)
HPRegen 0.08/turn               (no ring)
MPRegen 0.12/turn               (no ring)

@: no status effects
A: no striking features
a: Renounce Religion


You were on level 4 of the Dungeon.
You worshipped Hepliaklqana.
Hepliaklqana was noncommittal.
You visited 1 branch of the dungeon, and saw 4 of its levels.

You collected 172 gold pieces.
You spent 52 gold pieces at shops.

Inventory:

Hand Weapons
 b - a +0 dagger
 e - a +0 long sword (weapon)
 h - a +3 dagger
Armour
 a - a +0 robe (worn)
 g - a +2 helmet of see invisible (worn)
Jewellery
 i - an amulet of magic regeneration
 k - a ring of fire
Scrolls
 c - 2 scrolls of fear
Potions
 f - a potion of attraction
 j - a potion of heal wounds
 l - a potion of degeneration {unknown}
 n - 3 potions of mutation {unknown}
 o - 2 potions of flight {unknown}
 p - 5 potions of curing {unknown}


   Skills:
 - Level 2.4 Dodging
 - Level 2.4 Stealth
 - Level 3.0 Spellcasting
 + Level 2.0 Conjurations
 - Level 1.1 Transmutations
 + Level 5.3 Poison Magic


You had 3 spell levels left.
You knew the following spells:

 Your Spells              Type           Power      Damage    Failure   Level
a - Sting                 Tmut/Pois      68%        1d6       3%          1
b - Poisonous Vapours     Pois/Air       30%        N/A       6%          2
c - Mephitic Cloud        Conj/Pois/Air  14%        N/A       14%         3

Your spell library contained the following spells:

 Spells                   Type           Power      Damage    Failure   Level
 Olgreb's Toxic Radiance  Pois           26%        N/A       14%         4


Dungeon Overview and Level Annotations

Branches:
Dungeon (4/15)
 Temple: D:4-7

Altars:
Hepliaklqana
Qazlal
Zin

Shops:
D:1 (*

Annotations:
D:2 Ijyb, Sigmund


Message History

Found three items.
There is an open door here.
You enter the shallow water.
Moving in this stuff is going to be slow.
p - 2 sedimented sapphire potions (gained 1)
o - 2 bubbling green potions (gained 1)
p - 3 sedimented sapphire potions (gained 1)
n - 3 viscous ruby potions (gained 1)
p - 5 sedimented sapphire potions (gained 2)
Okay, then.
You enter the shallow water.
Moving in this stuff is going to be slow.
There is an open door here.
There is a stone staircase leading down here.
There is a stone staircase leading down here.
You see here a +0 dagger.
There is an open door here.
Done exploring.
Done exploring.
There is an open door here.
You see here a +0 club.
There is a stone staircase leading up here.
You see here a +0 ring mail.
There is a stone staircase leading down here.
You climb downwards.
There is a stone staircase leading up here.
A wyvern zombie comes into view.
Found a stone staircase leading down.
A hound skeleton comes into view.
The helpless wyvern zombie fails to defend itself.
You hit the wyvern zombie.
The wyvern zombie is lightly damaged.
The wyvern zombie barely misses you. The wyvern zombie bites you!
You barely miss the wyvern zombie.
The wyvern zombie is lightly damaged.
The wyvern zombie bites you!
Ouch! That really hurt!
* * * LOW HITPOINT WARNING * * *
The hound skeleton barely misses you. The wyvern zombie bites you!
You die...

#.# #.# #.. ...
#.# #.# # #.# #.#
##.### #.# #.#
......####.# #.#
......Z..#.###.#
......Z@.......##
...##.##.#.###.<#
# #........#
###.####.# ..#
#.# #.# #.# #.#
#.# ### #.# #.#


You could see a wyvern zombie and a hound skeleton.

Vanquished Creatures
  Robin (D:2)
  3 worms
  A dart slug (D:2)
  3 ball pythons
  3 bats
  11 endoplasms
  3 giant cockroaches
  19 goblins
  6 hobgoblins (D:2)
  3 jackals (D:1)
  8 kobolds
  2 frilled lizards
  A rat (D:3)
64 creatures vanquished.

Vanquished Creatures (others)
  A fungus (D:1)
1 creature vanquished.

Grand Total: 65 creatures vanquished

Notes
Turn   | Place    | Note
-------+----------+-------------------------------------------
     0 | D:1      | raph the Deep Elf Venom Mage began the quest for the Orb.
     0 | D:1      | Reached XP level 1. HP: 10/10 MP: 6/6
   157 | D:1      | Found Vadghijik's General Store.
   557 | D:1      | Reached XP level 2. HP: 15/15 MP: 5/8
   591 | D:1      | Reached skill level 4 in Poison Magic
   684 | D:1      | Learned a level 2 spell: Poisonous Vapours
   743 | D:1      | Found Hihirr's Antique Weapon Shoppe.
   867 | D:1      | Found a faded altar of an unknown god.
  1036 | D:1      | Found Oshutot's Book Emporium.
  1174 | D:2      | Noticed Sigmund
  1351 | D:2      | Noticed Robin
  1510 | D:2      | Reached XP level 3. HP: 19/19 MP: 7/9
  1572 | D:2      | Learned a level 3 spell: Mephitic Cloud
  1608 | D:2      | Killed Robin
  1836 | D:2      | Reached skill level 1 in Conjurations
  2134 | D:2      | Reached skill level 5 in Poison Magic
  2732 | D:2      | Noticed Ijyb
  2739 | D:2      | Reached XP level 4. HP: 24/24 MP: 5/10
  2970 | D:1      | Bought 2 scrolls of identify for 52 gold pieces
  4106 | D:3      | Found a hazy altar of Hepliaklqana.
  4128 | D:3      | Became a worshipper of Hepliaklqana the Forgotten
  4515 | D:3      | Found a stormy altar of Qazlal.
  4515 | D:3      | Found a glowing silver altar of Zin.
  4843 | D:4      | Mangled by a wyvern zombie

Illustrated notes

Levels and vault maps discovered:
D:1:      saegor_arrival_fortress, layout_rooms, serial_shops, shop,
          nicolae_shop_behind_doors, shop,
          shapermc_ecumenical_altar_mp_ritualfount
D:2:      kennysheep_the_goblin_king, layout_loops_corners,
          minmay_misc_feat_ornament, uniq_robin, uniq_sigmund
D:3:      layout_loops_ring, mainiacjoe_overflow_catwalk,
          gammafunk_temple_overflow_elements, hangedman_feature_mirror,
          dk_vineyard_1, minmay_misc_feat_nine_boxes,
          wad_floor_pattern_untrapped
D:4:      layout_basic, serial_shops, shop

Skill      XL: |  1  2  3  4 |
---------------+-------------+-----
Poison Magic   | 4 5 |  5.3
Conjurations   | 1 2 |  2.0
Dodging        | |  2.4
Stealth        | |  2.4
Spellcasting   | |  3.0
Transmutations | |  1.1

Action                   |  1- 3 |  4- 6 || total
-------------------------+-------+-------++-------
Melee: Dagger            |     1 |       ||     1
       Long sword        |    12 |    10 ||    22
 Cast: Sting             |    59 |    22 ||    81
       Poisonous Vapours |    18 |    19 ||    37
       Mephitic Cloud    |       |     1 ||     1
  Use: Scroll            |     1 |     5 ||     6
 Stab: Sleeping          |       |     1 ||     1
Armor: Robe              |     9 |     7 ||    16
Dodge: Dodged            |    20 |     6 ||    26
